 Dungeon Crawl Stone Soup version 0.11.3 (webtiles) character file.

507 Antunes the Sneak (level 6, 0/44 HPs)
             Began as a Human Wanderer on June 29, 2013.
             Slain by a giant cockroach (2 damage)
             ... on Level 4 of the Dungeon.
             The game lasted 00:54:01 (5556 turns).

Antunes the Sneak (Human Wanderer)                  Turns: 5556, Time: 00:54:01

HP   0/44        AC  5     Str 13      XL: 6   Next: 44%
MP   8/8         EV 13     Int 11      God:
Gold 242         SH  0     Dex 15      Spells:  1 memorised,  4 levels left

Res.Fire  : . . .   See Invis. : .   q - +3 dwarf flail
Res.Cold  : . . .   Warding    : .   E - +0 leather armour
Life Prot.: . . .   Conserve   : .   (no shield)
Res.Poison: .       Res.Corr.  : .   (no helmet)
Res.Elec. : .       Clarity    : .   e - +1 cloak
Sust.Abil.: . .     Spirit.Shd : .   (no gloves)
Res.Mut.  : .       Stasis     : .   (no boots)
Res.Rott. : .       Ctrl.Telep.: .   (no amulet)
Saprovore : . . .   Levitation : .   I - ring of protection from magic Ctrl.Flight: .
                                     C - +1 ring of evasion

@: somewhat resistant to hostile enchantments, stealthy
A: no striking features
a: no special abilities


You were on level 4 of the Dungeon.
You were not hungry.

You visited 1 branch of the dungeon, and saw 4 of its levels.

You collected 192 gold pieces.

Dungeon Overview and Level Annotations

Branches:
Dungeon (4/27)
 Temple: D:4-7

Altars:
Makhleb
Vehumet


   Skills:
 + Level 3.2 Fighting
 + Level 1.2 Short Blades
   Level 1.0 Long Blades
 + Level 1.1 Throwing
 - Level 2.2 Armour
 + Level 2.8 Dodging
 * Level 3.8 Stealth
 * Level 2.2 Stabbing
 + Level 1.9 Traps & Doors
 * Level 1.4 Spellcasting
 * Level 0.2 Conjurations
   Level 1.0 Invocations
 * Level 1.1 Evocations


You had 4 spell levels left.
You knew the following spells:

 Your Spells              Type           Power        Failure   Level  Hunger
m - Mephitic Cloud        Conj/Pois/Air  #........    93%         3    ####...

Inventory:

Hand weapons
 a - a +1,+0 elven short sword
 f - a +1,-1 dwarven dagger
 i - a +0,+0 dagger
 j - a +0,+0 dagger
 l - a +0,+0 dagger
 q - a +3,+3 dwarven flail (weapon)
 s - a +0,+0 dagger
 v - a +0,+0 dagger
 x - a +2,+0 sling
 z - a +2,+0 elven trident
 B - a +0,+0 dagger
 F - a +3,+1 elven dagger
 H - a +0,+0 elven short sword
 K - a +1 elven blowgun
Missiles
 u - 37 darts (quivered)
 y - a stone
 L - 18 poisoned needles
Armour
 e - a +1 cloak (worn)
 n - a cursed +0 robe
 E - a +0 leather armour (worn)
 J - a +0 elven ring mail
Magical devices
 g - a wand of teleportation (3)
 p - a wand of digging (7) {unknown}
Comestibles
 d - 2 bread rations
 t - a chunk of giant gecko flesh {@w1}
Scrolls
 h - 3 scrolls of teleportation
 o - a scroll of random uselessness
 A - 3 scrolls of recharging {unknown}
Jewellery
 C - a +1 ring of evasion (left hand)
 I - a ring of protection from magic (right hand)
Potions
 k - 2 potions of speed
 r - 2 potions of mutation {unknown}
Books
 m - a book of Clouds

   Spells                             Type                      Level
   Evaporate                          Fire/Transmutation           2
   *Mephitic Cloud                    Conjuration/Poison/Air       3
   Conjure Flame                      Conjuration/Fire             3
   Poisonous Cloud                    Conjuration/Poison/Air       6
   Freezing Cloud                     Conjuration/Ice/Air          6
   Ring of Flames                     Charms/Fire                  7
Magical staves
 G - an uncursed staff of air {unknown}


Message History

The jelly is almost dead.
Found a bread ration.
You hit the jelly.
The jelly is almost dead.
Wield which item (- for none, * to show all)? (? for menu, Esc to quit)
q - an uncursed dwarven flail (weapon)
You barely miss the jelly.
The jelly is almost dead.
A giant cockroach comes into view.
You hit the jelly.
The jelly is almost dead.
The jelly turns to fight!
The jelly hits you.
* * * LOW HITPOINT WARNING * * *
You are splashed with acid!
The acid burns!
* * * LOW HITPOINT WARNING * * *
You hit the jelly.
You kill the jelly!
You barely miss the giant cockroach. The giant cockroach bites you.
You die...

▒▒▒▒▒▒▒▒▒▒▒▒▒▒▒▒▒▒
▒········@s·······
▒······▒▒▒▒▒▒▒▒▒▒▒
▒······▒ ▒·▒▒▒·▒▒
▒ ▒·▒ ▒·▒ ▒·▒ ▒·▒
▒▒·▒▒


You could see a giant cockroach.

Action                   |  1- 3 |  4- 6 || total
-------------------------+-------+-------++-------
Melee: Mace              |    20 |       ||    20
       Dagger            |   137 |    16 ||   153
       Short sword       |    40 |   127 ||   167
       Flail             |       |    71 ||    71
 Fire: Blowgun           |       |    28 ||    28
Throw: Dart              |       |     6 ||     6
Evoke: Wand              |       |     1 ||     1
  Use: Scroll            |     4 |     7 ||    11
       Potion            |       |     4 ||     4

Vanquished Creatures
  An ogre (D:4)
  Ijyb (D:3)
  A jelly (D:4)
  5 adders
  An inept feature mimic (D:2)
  2 giant geckos
  An orc (D:3)
  3 ball pythons
  15 bats
  4 giant cockroaches
  14 goblins
  12 hobgoblins
  5 jackals (D:2)
  14 kobolds
  4 giant newts
  8 rats
  A toadstool (D:2)
92 creatures vanquished.

Vanquished Creatures (others)
  An elf (D:3)
  3 humans (D:3)
  2 dwarves (D:3)
  A giant newt (D:2)
  3 toadstools
10 creatures vanquished.

Grand Total: 102 creatures vanquished

Notes
Turn   | Place    | Note
--------------------------------------------------------------
     0 | D:1      | Antunes, the Human Wanderer, began the quest for the Orb.
     0 | D:1      | Reached XP level 1. HP: 14/14 MP: 1/1
   294 | D:1      | Reached XP level 2. HP: 17/20 MP: 2/2
   530 | D:1      | HP: 3/20 [hobgoblin (2)]
  1040 | D:1      | HP: 4/20 [goblin/dagger (5)]
  1329 | D:1      | Reached XP level 3. HP: 23/26 MP: 3/3
  1692 | D:1      | Reached skill level 1 in Dodging
  1887 | D:1      | Reached skill level 1 in Traps & Doors
  2611 | D:2      | Found a radiant altar of Vehumet.
  2617 | D:2      | Reached skill level 1 in Stabbing
  2617 | D:2      | Reached XP level 4. HP: 32/32 MP: 4/4
  3040 | D:2      | Reached skill level 1 in Spellcasting
  3591 | D:2      | Reached skill level 1 in Short Blades
  3605 | D:2      | Reached XP level 5. HP: 19/37 MP: 6/6
  3963 | D:2      | Reached skill level 2 in Dodging
  4479 | D:3      | Noticed a dwarf
  4479 | D:3      | Noticed a human
  4479 | D:3      | Noticed an elf
  4481 | D:3      | Killed a dwarf
  4483 | D:3      | Killed an elf
  4489 | D:3      | Killed a human
  4610 | D:3      | Noticed a human
  4611 | D:3      | Found a burning altar of Makhleb.
  4611 | D:3      | Noticed a human
  4611 | D:3      | Noticed a dwarf
  4614 | D:3      | Killed a dwarf
  4617 | D:3      | Killed a human
  4617 | D:3      | Killed a human
  4665 | D:3      | Noticed Ijyb
  4896 | D:3      | Killed Ijyb
  4986 | D:4      | Noticed an ogre
  5188 | D:4      | Killed an ogre
  5188 | D:4      | Reached skill level 1 in Throwing
  5188 | D:4      | Reached skill level 2 in Stabbing
  5188 | D:4      | Reached skill level 1 in Evocations
  5188 | D:4      | Reached XP level 6. HP: 42/44 MP: 8/8
  5423 | D:4      | Learned a level 3 spell: Mephitic Cloud
  5554 | D:4      | HP: 1/44 [acid (12)]
  5556 | D:4      | Slain by a giant cockroach

Vault maps used:
D:1:      minmay_entry_open_corners
D:2:      dk_vehumet_trees
D:3:      grunt_makhleb_burn_the_innocent, uniq_iyjb
D:4:      minmay_opposing_rooms, solitary_fountain, fedhas_altar_4
